 Dungeon Crawl Stone Soup version 0.30.1-3-gfc49f6343a (webtiles) character file.

Game seed: 13122773012909517696

60 Martska the Trooper (level 3, 0/34 HPs)
             Began as a Minotaur Fighter on July 18, 2023.
             Slain by Sigmund
             ... wielding a +0 scythe
              (9 damage)
             ... on level 2 of the Dungeon.
             The game lasted 00:01:25 (1239 turns).

Martska the Trooper (Minotaur Fighter)              Turns: 1239, Time: 00:01:26

Health: 0/34       AC:  7    Str: 22    XL:     3   Next: 82%
Magic:  2/2        EV:  9    Int:  5    God:
Gold:   57         SH:  0    Dex:  9    Spells: 2/2 levels left

rFire   . . .        a - +0 war axe
rCold   . . .        c - +0 buckler
rNeg    . . .        b - +0 scale mail
rPois   .            (helmet restricted)
rElec   .            (no cloak)
rCorr   .            (no gloves)
SInv    .            (no boots)
Will    .....        (no amulet) Stlth
                     (no ring)
HPRegen 0.25/turn    (no ring)
MPRegen 0.08/turn

%: no passive effects
@: confused, mighty
A: horns 2, retaliatory headbutt
a: no special abilities


You were on level 2 of the Dungeon.
You visited 1 branch of the dungeon, and saw 2 of its levels.

You collected 57 gold pieces.

Inventory:

Hand Weapons
 a - a +0 war axe (weapon)
Missiles
 f - a throwing net (quivered)
Armour
 b - a +0 scale mail (worn)
 c - a +0 buckler (worn)
Scrolls
 e - a scroll of enchant weapon {unknown}
 g - 3 scrolls of fear {unknown}
 i - a scroll of identify {unknown}
Potions
 h - a potion of heal wounds {unknown}


   Skills:
 * Level 4.3 Fighting
 * Level 3.5 Axes
 + Level 4.1 Armour
 * Level 1.0 Dodging
 + Level 3.9 Shields


You had 2 spell levels left.
You didn't know any spells.
Your spell library was empty.

Dungeon Overview and Level Annotations

Branches:
Dungeon (2/15)

Altars:

Shops:
D:1 *![

Annotations:
D:2 Sigmund


Innate Abilities, Weirdness & Mutations

You have a pair of horns on your head.
You reflexively headbutt those who attack you in melee.


Message History

No target in view!
No target in view!
No target in view!
No target in view!
No target in view!
No target in view!
A kobold comes into view. It is wielding a +0 club.
The kobold shouts!
The kobold barely misses you. You furiously retaliate!
You headbutt the kobold.
You kill the kobold!
No target in view!
No target in view!
No target in view!
No target in view!
No target in view!
You see here a +0 club.
Sigmund the Dreaded comes into view.
He is wielding a +0 scythe.
Sigmund shouts!
Sigmund casts a spell at you. The magic dart hits you.
Sigmund is nearby!
Sigmund casts a spell at you.
You are confused.
You feel very mighty all of a sudden. Sigmund gestures at you while chanting.
You are more confused.
An endoplasm comes into view.
Sigmund hits you with a +0 scythe! Sigmund hits you but does no damage.
You're too confused to move!
Sigmund points at you and mumbles some strange words.
The puff of flame hits you!
You bump into the rock wall.
Sigmund casts a spell.
Sigmund flickers and vanishes!
Deactivating autopickup; reactivate with Ctrl-A.
You bump into the rock wall.
Something hits you!
* * * LOW HITPOINT WARNING * * *
Something hits you!
You die...

###.####... #.# .......#
#... #.# ###.##.# #... #.#
.# #...##.# #... #.# #.#
.# #.#.##.# #... #.#
#.#..# #......# #... #.#
#.#..# #.#.##.# #... #.#
#.#..# #.##.#
##.$.##.###.#..# # #....#
#...J{@........# # #..###
.###..##.##.....#
#.#..###..#..............#
..#.......#.#..#####.#...#
###..##†..# #.. #.#)..#
###..# ...# #.. #.#...#
.....##...# #.. #.#...#
#....##...# #.. #.#...#
####..#..># #..# #.#...#


You could see an endoplasm.

Vanquished Creatures
  An adder (D:2)
  2 dart slugs
  4 ball pythons
  3 endoplasms
  3 giant cockroaches (D:1)
  4 goblins (D:1)
  2 hobgoblins
  5 jackals (D:1)
  3 quokkas (D:2)
  3 bats (D:2)
  2 frilled lizards
  8 kobolds
  4 rats
44 creatures vanquished.

Notes
Turn   | Place    | Note
-------+----------+-------------------------------------------
     0 | D:1      | Martska the Minotaur Fighter began the quest for the Orb.
     0 | D:1      | Reached XP level 1. HP: 19/19 MP: 0/0
    46 | D:1      | Reached XP level 2. HP: 26/27 MP: 1/1
   223 | D:1      | Found Zurufat's Antique Armour Shoppe.
   344 | D:1      | Found a faded altar of an unknown god.
   516 | D:1      | Reached XP level 3. HP: 30/33 MP: 2/2
   644 | D:1      | Found Agysim's Distillery.
   676 | D:1      | Found Emulaamo's Assorted Antiques.
  1212 | D:2      | Reached skill level 1 in Dodging
  1227 | D:2      | Noticed Sigmund
  1239 | D:2      | Slain by Sigmund

Illustrated notes

Levels and vault maps discovered:
D:1:      dpeg_arrival_connections, layout_basic, serial_shops, shop,
          nicolae_shop_just_a_little_nook, shop,
          dreamdust_ecumenical_altar_grove
D:2:      minmay_diamond_boxcup, layout_basic, basic_altar, uniq_sigmund

Skill      XL: |  1  2  3 |
---------------+----------+-----
Fighting       | 4 |  4.3
Axes           | 3 |  3.5
Armour         | 4 |  4.1
Dodging        | 1 |  1.0
Shields        | |  3.9

Action                     || total
---------------------------++-------
  Melee: War axe           ||    72
         Headbutt          ||    10
    Use: Potion            ||     1
 Armour: Scale mail        ||    32
  Dodge: Dodged            ||    37
  Block: Buckler           ||    15
